 Dungeon Crawl Stone Soup version 0.27.1-33-g824d729ab1 (webtiles) character file.

Game seed: 1877966047552219211

469 zeram the Chopper (level 7, -5/59 HPs)
             Began as a Hill Orc Fighter on Dec 28, 2021.
             Slain by Duvessa (14 damage)
             ... on level 4 of the Dungeon.
             The game lasted 00:08:51 (4986 turns).

zeram the Chopper (Hill Orc Fighter)                Turns: 4986, Time: 00:08:53

Health: -5/59      AC:  9    Str: 21    XL:     7   Next: 9%
Magic:  7/7        EV:  9    Int:  8    God:
Gold:   162        SH:  0    Dex: 10    Spells: 6/6 levels left

rFire    . . .     SeeInvis .   d - +0 executioner's axe (elec)
rCold    . . .     Faith    .   (shield currently unavailable)
rNeg     . . .     Spirit   .   b - +0 scale mail
rPois    .         Reflect  .   (no helmet)
rElec    .         Harm     .   o - +1 cloak
rCorr    +         Rampage  .   (no gloves)
Will     +....                  (no boots)
Stlth    ..........             (no amulet)
HPRegen  0.19/turn              k - ring of willpower
MPRegen  0.10/turn              x - ring of resist corrosion

@: about to teleport
A: no striking features
a: no special abilities


You were on level 4 of the Dungeon.
You visited 1 branch of the dungeon, and saw 4 of its levels.
You also visited: Sewer.

You collected 162 gold pieces.

Inventory:

Hand Weapons
 a - a +1 war axe
 d - a +0 executioner's axe of electrocution (weapon)
 n - a +6 dagger of protection
Missiles
 p - a throwing net (quivered)
Armour
 b - a +0 scale mail (worn)
 c - a +0 kite shield
 o - a +1 cloak (worn)
Jewellery
 g - a ring of fire
 k - a ring of willpower (left hand)
 x - a ring of resist corrosion (right hand)
 y - a +4 ring of slaying
Wands
 q - a wand of paralysis (10)
Scrolls
 r - 2 scrolls of teleportation
 u - a scroll of amnesia
Potions
 e - a potion of curing {unknown}
 f - 2 potions of attraction
 h - a potion of haste
 i - a potion of berserk rage {unknown}
 j - 2 potions of heal wounds
 l - a potion of resistance {unknown}
 m - a potion of experience {unknown}
 s - 3 potions of cancellation {unknown}
 t - 4 potions of invisibility {unknown}
 v - a potion of mutation {unknown}
 w - a potion of might


   Skills:
 - Level 4.1 Fighting
 + Level 6.1 Axes
 + Level 5.7 Armour
 - Level 5.0 Shields


You had 6 spell levels left.
You didn't know any spells.
Your spell library contained the following spells:

 Spells                   Type           Power      Damage    Failure   Level
 Ignite Poison            Fire/Tmut/Pois 0%         N/A       97%         3
 Mephitic Cloud           Conj/Pois/Air  0%         N/A       97%         3
 Portal Projectile        Hex/Tloc       0%         N/A       97%         3
 Blade Hands              Tmut           0%         N/A       100%        5
 Bolt of Magma            Conj/Fire/Erth 0%         4d4       100%        5
 Excruciating Wounds      Necr           0%         N/A       100%        5


Dungeon Overview and Level Annotations

Branches:
Dungeon (4/15)              Sewer (visited)
 Temple: D:4-7

Altars:
Hepliaklqana
Nemelex Xobeh
Sif Muna
Xom
Yredelemnul

Shops:
D:1 *

Portals:
Abyss: D:4

Annotations:
D:3 1 runed translucent door
D:4 2 transporters, Duvessa; Grithok's ghost, amateur KoGl


Message History

You kill Dowan!
You hear a distant scream of rage.
Your Axes skill increases to level 6!
You have reached level 7!
Things that are here:
a +0 antimagic dagger; a +0 robe Duvessa, Sister of Dowan comes into view.
She is wielding a +0 rapier.
Duvessa is nearby!
Duvessa is nearby!
Duvessa is nearby!
Duvessa is nearby!
Duvessa goes berserk!
Duvessa hits you with a +0 rapier.
There is an empty arch of ancient stone here.
You closely miss Duvessa. Duvessa hits you with a +0 rapier.
Duvessa hits you with a +0 rapier! x2
You are too injured to fight recklessly!
You are too injured to fight recklessly!
You are too injured to fight recklessly!
You are too injured to fight recklessly!
Unknown command.
You feel much better. Duvessa closely misses you.
You slash Duvessa!
Duvessa is lightly wounded.
Duvessa completely misses you. Duvessa hits you with a +0 rapier!
Duvessa closely misses you.
You hit Duvessa but do no damage. Lightning courses through Duvessa!
Duvessa is moderately wounded.
Duvessa hits you with a +0 rapier!! Duvessa hits you with a +0 rapier. x2
Unknown command.
Duvessa hits you but does no damage.
Duvessa rages.
Duvessa closely misses you. Duvessa closely misses you.
You hear a shout!
As you read the scroll of teleportation, it crumbles to dust.
You feel strangely unstable. Duvessa hits you with a +0 rapier!
* * * LOW HITPOINT WARNING * * *
Duvessa hits you with a +0 rapier!
You die... >#...#####...##...#.......©....## .#..##._. #...##.........##♣..... ....##.:.###...##.......##.###... ....# #...#∩# ##.#....#.## ♣..# ...## #...## #>##...## #### ....#####...## #.###...# .Wx

......#.##...## ##..#.....# ..∩.
........ ##...###..........#©^#..
....[#.# ##.).#@..###...###.#.##
....##.####....e..## ##.## ♣ ©
.....#........#.#..# # ##
.....#....#...###[.# #..
..........#...#.....# #..#
...................... # #..#
..............#..........#.##..##
.....#...................###....#
.##..##..........................


You could see Duvessa (berserk).

Vanquished Creatures
  A kobold brigand (D:4)
  Dowan (D:4)
  A hound (D:3)
  Crazy Yiuf (D:2)
  Jessica (D:2)
  Terence (D:3)
  A hound skeleton (D:4)
  4 gnolls (D:2)
  4 adders
  5 river rats (Sewer)
  An ufetubus (D:4)
  A worm (D:2)
  2 dart slugs
  9 orcs
  2 endoplasms
  7 giant cockroaches
  4 hobgoblins
  19 kobolds
  8 quokkas
  5 ball pythons
  6 bats
  5 frilled lizards
  21 rats
110 creatures vanquished.

Notes
Turn   | Place    | Note
-------+----------+-------------------------------------------
     0 | D:1      | zeram the Hill Orc Fighter began the quest for the Orb.
     0 | D:1      | Reached XP level 1. HP: 19/19 MP: 1/1
   152 | D:1      | Found a faded altar of an unknown god.
   166 | D:1      | Reached XP level 2. HP: 26/26 MP: 2/2
   217 | D:1      | Found Zayrharch's Assorted Antiques.
   281 | D:1      | Reached skill level 3 in Axes
   688 | D:2      | Reached XP level 3. HP: 21/31 MP: 3/3
   892 | D:2      | HP: 1/31 [gnoll (5)]
   893 | D:2      | Reached skill level 4 in Axes
   893 | D:2      | Reached XP level 4. HP: 2/39 MP: 4/4
  1310 | D:2      | Found a runed translucent door.
  1311 | D:2      | Noticed Crazy Yiuf
  1365 | D:2      | Noticed Jessica
  1372 | D:2      | Killed Jessica
  1532 | D:2      | Reached XP level 5. HP: 46/46 MP: 5/5
  1860 | D:2      | Killed Crazy Yiuf
  2014 | D:3      | Noticed Terence
  2024 | D:3      | Killed Terence
  2099 | D:3      | Found a sparkling altar of Nemelex Xobeh.
  2116 | D:3      | Found a runed translucent door.
  2116 | D:3      | Noticed a human
  2279 | D:3      | Reached XP level 6. HP: 38/52 MP: 6/6
  2354 | D:3      | Found a glowing drain.
  2373 | Sewer    | Entered a sewer
  2397 | Sewer    | Reached skill level 5 in Armour
  2518 | Sewer    | Reached skill level 5 in Shields
  2526 | Sewer    | Identified a scroll of acquirement
  2526 | Sewer    | Acquired a +0 executioner's axe of electrocution
  2717 | Sewer    | Reached skill level 5 in Axes
  3448 | D:3      | Found a basalt altar of Yredelemnul.
  3743 | D:4      | Found a hazy altar of Hepliaklqana.
  3744 | D:4      | Found a shimmering altar of Xom.
  3745 | D:4      | Noticed a spectral ugly thing
  4916 | D:4      | Noticed a small abomination
  4920 | D:4      | Found a transporter.
  4921 | D:4      | Found a one-way gate to the infinite horrors of the Abyss.
  4921 | D:4      | Noticed Grithok's ghost (amateur KoGl)
  4922 | D:4      | Found a transporter.
  4929 | D:4      | Noticed a small abomination
  4957 | D:4      | Found a shimmering blue altar of Sif Muna.
  4957 | D:4      | Noticed Dowan
  4968 | D:4      | Killed Dowan
  4969 | D:4      | Reached skill level 6 in Axes
  4969 | D:4      | Reached XP level 7. HP: 59/59 MP: 7/7
  4972 | D:4      | Noticed Duvessa
  4986 | D:4      | Slain by Duvessa

Illustrated notes

Levels and vault maps discovered:
D:1:      minmay_arrival_four_houses, layout_basic, serial_shops, shop,
          hellmonk_ecumenical_altar_inner_sanctum, minivault_14
D:2:      minmay_evil_eye, layout_loops_ring, uniq_jessica,
          uniq_crazy_yiuf_cottage
D:3:      layout_rooms, dk_yredelemnul_ordeal, nemelex_spade_bored_becter,
          gup_sewer_entry_pipe, uniq_terence
D:4:      layout_cave_pools, regret_index_temple_of_mockery,
          nzn_overflow_gifts_of_might_and_magic, gammafunk_ghost_abyssal_escape,
          minmay_snake_closets

Skill      XL: |  1  2  3  4  5  6 |
---------------+-------------------+-----
Axes           | 3 4 6 |  6.1
Shields        | 4 5 |  5.0
Armour         | 4 5 |  5.7
Fighting       | 4 |  4.1

Action                   |  1- 3 |  4- 6 |  7- 9 || total
-------------------------+-------+-------+-------++-------
Melee: War axe           |    63 |    11 |       ||    74
       Dagger            |       |   111 |       ||   111
       Executioner's axe |       |   116 |     3 ||   119
  Use: Scroll            |     1 |     9 |     1 ||    11
       Potion            |     1 |     1 |     1 ||     3
Armor: Scale mail        |    38 |   182 |     1 ||   221
Dodge: Dodged            |    22 |   130 |     5 ||   157
Block: Kite shield       |    51 |    72 |       ||   123
